 Dungeon Sprint DCSS version 0.21-a0-270-g8204059 (webtiles) character file.

5839 potatolord6000 the Impaler (level 10, -6/93 HPs)
             Began as a Merfolk Gladiator on Sept 13, 2017.
             Was the Champion of Wu Jian.
             Mangled by a yaktaur captain (9 damage)
             ... in the Dungeon (Sprint V: "Ziggurat Sprint").
             The game lasted 00:08:32 (824 turns).

potatolord6000 the Impaler (Merfolk Gladiator)       Turns: 824, Time: 00:08:34

Health: -6/93      AC:  7    Str: 14    XL:     10   Next: 80%
Magic:  10/10      EV: 31    Int:  5    God:    Wu Jian [******]
Gold:   0          SH:  0    Dex: 31    Spells: 9/9 levels left

rFire    + . .     SeeInvis .   a - +8 lance "Wyrmbane" {slay drac, rPois rF+ rC+ AC+3}
rCold    + . .     Gourm    .   (no shield)
rNeg     . . .     Faith    .   b - +0 leather armour
rPois    +         Spirit   .   c - +0 helmet
rElec    .         Reflect  .   (no cloak)
rCorr    .         Harm     .   (no gloves)
MR       ++...     Rnd*Rage +   (no boots) Stlth +++++++...NoTele +
                                B - necklace of Bloodlust {*Rage +Rage MR++ Int-3 Slay+6 *Curse} (curse)
HPRegen  0.25/turn              y - +6 ring of dexterity
MPRegen  0.12/turn              A - +6 ring of dexterity

@: exhausted
A: change form in water, swift swim, stealthy swim
a: Serpent's Lash, Heavenly Storm, Renounce Religion, Evoke Berserk Rage


You were in the Dungeon.
You worshipped Wu Jian.
Wu Jian was exalted by your worship.
You were not hungry.

You visited 1 branch

Inventory:

Hand Weapons
 a - the +8 lance "Wyrmbane" (weapon) {slay drac, rPois rF+ rC+ AC+3}
   (You found it in the Dungeon)

   It affects your AC (+3).
   It protects you from fire.
   It protects you from cold.
   It protects you from poison.
Armour
 b - a +0 leather armour (worn)
 c - a +0 helmet (worn)
Jewellery
 y - a +6 ring of dexterity (left hand)
 A - a +6 ring of dexterity (right hand)
 B - the cursed necklace of Bloodlust (around neck) {*Rage +Rage MR++ Int-3 Slay+6 *Curse}
   (You took it off a crimson imp in the Dungeon)

   [amulet of rage]

   It affects your intelligence (-3).
   It affects your accuracy and damage with ranged weapons and melee attacks
   (+6).
   It affects your resistance to hostile enchantments.
   It lets you go berserk.
   It may make you go berserk in combat.
   It curses itself when equipped.
   It has a curse placed upon it.
Scrolls
 k - 2 scrolls of blinking
 n - 2 scrolls of brand weapon
 q - 4 scrolls of amnesia
 r - 3 scrolls of recharging
 s - 8 scrolls of fog
 t - a scroll of holy word
 u - 5 scrolls of identify
 v - 5 scrolls of remove curse
 w - 2 scrolls of fear
Potions
 d - 2 potions of brilliance
 e - 8 potions of curing
 g - 4 potions of heal wounds
 h - 5 potions of haste
 i - 7 potions of magic
 j - 3 potions of berserk rage
 l - a potion of invisibility
 m - 4 potions of resistance
 o - 4 potions of agility
 p - 4 potions of might
Comestibles
 f - 5 bread rations
 x - 42 fruits
 z - 4 meat rations


   Skills:
 + Level 13.7 Fighting
 + Level 17.2 Polearms
 - Level 2.0 Throwing
 + Level 16.1 Dodging
 + Level 14.6 Stealth


You had 9 spell levels left.
You didn't know any spells.

Dungeon Overview and Level Annotations

Branches:
Dungeon (1/1)

Altars:
Ashenzari
Cheibriados
Dithmenos
Elyvilon
Fedhas
Gozag
Hepliaklqana
Kikubaaqudgha
Makhleb
Nemelex Xobeh
Okawaru
Qazlal
Ru
Sif Muna
Trog
Uskayaw
Vehumet
Wu Jian
Xom
Yredelemnul
Zin
The Shining One
Beogh
Jiyva
Lugonu

Annotations:
D 1 transporter


Message History

The yaktaur captain completely misses you.
The cyclops completely misses you. x2
The yaktaur captain unwields an uncursed arbalest.
The yaktaur captain hits you!
Unknown command.
You spin and attack the yaktaur captain repeatedly.
You puncture the yaktaur captain!
The yaktaur captain is almost dead.
You hit the yaktaur captain but do no damage.
The yaktaur captain is almost dead.
You spin and attack the cyclops repeatedly.
You barely miss the cyclops.
The cyclops is severely wounded.
You completely miss the cyclops.
The cyclops is severely wounded.
The yaktaur wields an uncursed arbalest.
The yaktaur shoots a bolt.
The bolt hits you!!
* * * LOW HITPOINT WARNING * * *
The yaktaur captain hits you!
You die...

▓...}....▓..}.[...▓
▓........▓....†...▓
▓........▓........▓
▓.▓.†).▓.▓.▓....▓.▓
▓...©....▓...©....▓
▓▓▓▓▓▓▓▓▓▓▓▓▓▓▓▓▓▓▓
▓...8©8...▓..8©8..▓
▓.Ccc[....▓..[.=..▓
▓.@.C)}...▓..:=)..▓
▓(..c.....▓.......▓
▓....(....▓.......▓
▓.........▓.......▓
▓.........▓.......▓
▓.▓.....▓.▓.▓...▓.▓
▓....©(...▓...©...▓
▓▓▓▓▓▓▓▓▓▓▓▓▓▓▓▓▓▓▓
▓..8©8..▓


You could see 2 yaktaur captains, 2 cyclopes and a yaktaur.

Vanquished Creatures
  A tentacled starspawn (D)
  A centaur warrior (D)
  2 wolf spiders (D)
  2 draconians (D)
  A jumping spider (D)
  A hornet (D)
  A slime creature (D)
  A spriggan (D)
  A redback (D)
  A tarantella (D)
  A wraith (D)
  2 hell hounds (D)
  2 black bears (D)
  A wolf (D)
  A necrophage (D)
  A centaur (D)
  2 scorpions (D)
  2 wights (D)
  A crimson imp (D)
  An iron imp (D)
  A shadow imp (D)
  3 ufetubi (D)
  An adder skeleton (D)
  A bat simulacrum (D)
32 creatures vanquished.

Vanquished Creatures (others)
  2 spatial maelstroms (D)
  2 starspawn tentacles (D)
4 creatures vanquished.

Grand Total: 36 creatures vanquished

Notes
Turn   | Place    | Note
-------+----------+-------------------------------------------
     0 | D        | Found the +6 Majin-Bo {vamp, Archmagi MP+6 Int+6}
     0 | D        | Found the +7 great mace "Firestarter" {inner flame, rF++}
     0 | D        | potatolord6000 the Merfolk Gladiator began the quest for the Orb.
     0 | D        | Reached XP level 1. HP: 16/16 MP: 1/1
     1 | D        | Found a blossoming altar of Fedhas.
     2 | D        | Found a deep blue altar of Sif Muna.
     2 | D        | Found a sacrificial altar of Ru.
     2 | D        | Found a bloodstained altar of Trog.
     2 | D        | Found a stormy altar of Qazlal.
     2 | D        | Found an iron altar of Okawaru.
     2 | D        | Found a sparkling altar of Nemelex Xobeh.
     4 | D        | Found a transporter.
     4 | D        | Found an ancient bone altar of Kikubaaqudgha.
     4 | D        | Found a viscous altar of Jiyva.
     4 | D        | Found a corrupted altar of Lugonu.
     4 | D        | Found a hazy altar of Hepliaklqana.
     4 | D        | Found a burning altar of Makhleb.
     4 | D        | Found an opulent altar of Gozag.
     9 | D        | Banished a spatial maelstrom
    40 | D        | Banished a spatial maelstrom
    44 | D        | Found the +9 heavy crossbow "Sniper" {velocity, Acc+∞ SInv}
    44 | D        | Found the +10 dark maul {crush}
    44 | D        | Found the +15 Maxwell's patent armour {-Cast -Tele rElec MR+ rCorr}
    44 | D        | Found the +18 shield of the Gong {rElec rN+ MR+ EV-5}
    44 | D        | Found the cursed +14 obsidian axe {chop, +Fly SInv *Curse}
    45 | D        | Found the +6 shillelagh "Devastator" {shatter}
    45 | D        | Found the +11 plutonium sword {*Contam Stlth-}
    45 | D        | Found the +8 lance "Wyrmbane" {slay drac, rPois rF+ rC+ AC+3}
    45 | D        | Found the +9 sword of Zonguldrok {reap}
    45 | D        | Found the cursed +13 scythe of Curses {drain, *Curse}
    45 | D        | Found the +0 sword of Power
    45 | D        | Found the -1 mace of Variability {chaos}
    45 | D        | Found the +7 Singing Sword
    45 | D        | Found the +7 longbow "Piercer" {penet, EV-2}
   150 | D        | Became a worshipper of the Wu Jian Council
   167 | D        | Reached skill level 6 in Polearms
   167 | D        | Reached XP level 2. HP: 26/26 MP: 2/2
   168 | D        | Entered arena 2.
   168 | D        | Noticed a draconian
   168 | D        | Noticed a draconian
   168 | D        | Found a transporter.
   179 | D        | Killed a draconian
   179 | D        | Reached skill level 10 in Polearms
   179 | D        | Reached skill level 10 in Dodging
   179 | D        | Reached XP level 3. HP: 38/38 MP: 3/3
   179 | D        | Reached XP level 4. HP: 45/45 MP: 4/4
   179 | D        | Reached XP level 5. HP: 50/50 MP: 5/5
   179 | D        | Reached XP level 6. HP: 57/57 MP: 6/6
   186 | D        | Killed a draconian
   186 | D        | Reached skill level 12 in Polearms
   186 | D        | Reached skill level 10 in Stealth
   186 | D        | Reached XP level 7. HP: 64/64 MP: 7/7
   195 | D        | Entered arena 3.
   195 | D        | Found a transporter.
   202 | D        | Reached * piety under Wu Jian
   203 | D        | Reached XP level 8. HP: 72/72 MP: 8/8
   211 | D        | Entered arena 4.
   211 | D        | Noticed a tentacled starspawn
   211 | D        | Found a transporter.
   224 | D        | Killed a tentacled starspawn
   224 | D        | Reached ** piety under Wu Jian
   224 | D        | Reached skill level 15 in Polearms
   224 | D        | Reached XP level 9. HP: 66/82 MP: 9/9
   227 | D        | Reached *** piety under Wu Jian
   323 | D        | Entered arena 5.
   323 | D        | Found a transporter.
   338 | D        | Reached **** piety under Wu Jian
   366 | D        | Entered arena 6.
   366 | D        | Noticed a hornet
   366 | D        | Noticed a wolf spider
   366 | D        | Found a transporter.
   374 | D        | Killed a wolf spider
   374 | D        | Reached XP level 10. HP: 77/91 MP: 10/10
   376 | D        | Reached skill level 16 in Polearms
   380 | D        | Reached ***** piety under Wu Jian
   380 | D        | Reached skill level 15 in Dodging
   453 | D        | Entered arena 7.
   453 | D        | Noticed a wolf spider
   454 | D        | Found a transporter.
   486 | D        | Killed a wolf spider
   710 | D        | Entered arena 8.
   713 | D        | Found a transporter.
   717 | D        | Reached ****** piety under Wu Jian
   743 | D        | Got the amulet "Codoocs" {Faith rN+ MP+9}
   815 | D        | Entered arena 9.
   815 | D        | Noticed a yaktaur captain
   815 | D        | Noticed a centaur warrior
   815 | D        | Noticed a cyclops
   815 | D        | Noticed a yaktaur captain
   815 | D        | Noticed a cyclops
   816 | D        | Found a transporter.
   820 | D        | Killed a centaur warrior
   820 | D        | Reached skill level 17 in Polearms
   824 | D        | HP: 3/93 [yaktaur/bolt (29)]
   824 | D        | Mangled by a yaktaur captain

Vault maps used:
D:        sprint_v

Skill      XL: |  1  2  3  4  5  6  7  8  9 10 |
---------------+-------------------------------+-----
Fighting       | 4 8 9 11 12 13 | 13.7
Polearms       | 6 10 12 15 17 | 17.2
Dodging        | 6 10 11 14 16 | 16.1
Stealth        | 4 8 10 12 13 14 | 14.6
Throwing       | |  2.0

Action                   |  1- 3 |  4- 6 |  7- 9 | 10-12 || total
-------------------------+-------+-------+-------+-------++-------
Melee: Lance             |     5 |     7 |    55 |    87 ||   154
Invok: Serpent's Lash    |       |       |       |     1 ||     1
  Use: Potion            |     5 |       |     1 |     7 ||    13
       Scroll            |     2 |       |       |       ||     2
 Stab: Invisible         |       |       |     3 |       ||     3
       Sleeping          |       |       |     3 |       ||     3
Armor: Leather armour    |       |       |     6 |     3 ||     9
Dodge: Dodged            |     4 |     1 |    54 |   105 ||   164

Table legend:
 A = Spawn XP
 B = Non-spawn XP
 C = Spawn XP percentage of total XP
 D = Spawn monster count
 E = Non-spawn monster count
 F = Spawn count percentage of total count
 G = Total turns spent on level
                    A         B        C        D         E        F      G
               +---------+---------+-------+---------+---------+-------+---------
         Total |       0 |    8332 |   0.0 |       0 |      32 |   0.0 |   824
               +---------+---------+-------+---------+---------+-------+---------
             D |       0 |    8332 |   0.0 |       0 |      32 |   0.0 |   824
               +---------+---------+-------+---------+---------+-------+---------
